 Dungeon Crawl Stone Soup version 0.23.2-1-ga50397a (webtiles) character file.

Game seed: 11192005081574857880

135 Lickle the Unweaver (level 4, -2/36 HPs)
             Began as a Demonspawn Abyssal Knight on Apr 29, 2019.
             Was a Follower of Lugonu.
             Slain by Grinder (6 damage)
             ... while paralysed by Grinder
             ... on level 3 of the Dungeon.
             The game lasted 00:07:54 (2744 turns).

Lickle the Unweaver (Demonspawn Abyssal Knight)     Turns: 2744, Time: 00:07:55

Health: -2/36      AC:  7    Str: 13    XL:     4   Next: 97%
Magic:  6/6        EV:  2    Int: 14    God:    Lugonu [*.....]
Gold:   177        SH:  0    Dex: 17    Spells: 3/3 levels left

rFire    . . .     SeeInvis .   l - +4 dagger (speed)
rCold    + . .     Gourm    .   (no shield)
rNeg     . . .     Faith    .   h - +0 scale mail
rPois    .         Spirit   .   b - +0 helmet
rElec    .         Reflect  .   (no cloak)
rCorr    +         Harm     .   (no gloves)
MR       .....                  (no boots)
Stlth    +.........             k - amulet of magic regeneration
HPRegen  0.12/turn              e - ring of resist corrosion
MPRegen  0.35/turn              (no ring)

@: paralysed, agile, flying
A: cold resistance 1
a: Depart the Abyss, Renounce Religion


You were on level 3 of the Dungeon.
You worshipped Lugonu.
Lugonu was aware of your devotion.
You were not hungry.

You visited 1 branch of the dungeon, and saw 3 of its levels.
You visited the Abyss 1 time.

You collected 177 gold pieces.

Inventory:

Hand Weapons
 a - a +2 falchion
 l - a +4 dagger of speed (weapon)
Armour
 b - a +0 helmet (worn)
 h - a +0 scale mail (worn)
Jewellery
 e - a ring of resist corrosion (left hand)
 k - an amulet of magic regeneration (around neck)
Scrolls
 f - a scroll of remove curse
Comestibles
 c - 3 rations


   Skills:
 + Level 3.6 Fighting
 + Level 2.5 Long Blades
 + Level 2.6 Armour
 + Level 2.0 Dodging
 + Level 3.7 Invocations


You had 3 spell levels left.
You didn't know any spells.
Your spell library was empty.

Dungeon Overview and Level Annotations

Branches:
Dungeon (3/15)

Altars:
Gozag

Annotations:
D:3 Grinder


Innate Abilities, Weirdness & Mutations

Your flesh is cold resistant. (rC+)


Message History

You barely miss Grinder.
Grinder is moderately wounded.
It was a potion of agility.
You feel agile all of a sudden. Grinder hits you.
* * * LOW HITPOINT WARNING * * *
You feel very buoyant.
You fly up into the air.
Grinder completely misses you.
Drop what? 8/52 slots (_ for help) (? for menu, Esc to quit)
Okay, then.
Okay, then.
You aren't carrying any potions.
You hit Grinder.
Grinder is heavily wounded.
Grinder gestures at you.
You suddenly lose the ability to move!
Grinder hits you.
* * * LOW HITPOINT WARNING * * *
You writhe in agony.
You die...

#. ..# #. #.#
#.###.#
######..<#.##
#...........#
#......?....#
+.........>.####
#.....5@....'..#
#...........##.#
#...........##.#
#...........##.#
#...........##.#
##!...)#######.#
#.....$ #.#
#...... #.#
###...... #.#


You could see Grinder.

Vanquished Creatures
  A scorpion (D:2)
  A gnoll (D:1)
  2 adders
  An ooze (D:1)
  A worm (D:2)
  2 dart slugs (D:1)
  6 leopard geckos
  2 giant cockroaches
  2 hobgoblins
  5 kobolds
  2 ball pythons (D:1)
  6 bats
  5 frilled lizards
  6 goblins
  6 rats
48 creatures vanquished.

Notes
Turn   | Place    | Note
-------+----------+-------------------------------------------
     0 | Abyss:1  | Lickle the Demonspawn Abyssal Knight began the quest for
                  | the Orb.
     0 | Abyss:1  | Reached XP level 1. HP: 18/18 MP: 2/2
    58 | Abyss:1  | Noticed an apocalypse crab
    59 | Abyss:1  | Noticed a large abomination
    72 | Abyss:1  | Noticed a small abomination
   207 | Abyss:1  | Noticed a raiju
   209 | D:1      | Escaped the Abyss
   348 | D:1      | Reached skill level 1 in Dodging
   356 | D:1      | Reached * piety under Lugonu
   356 | D:1      | Gained mutation: Your flesh is cold resistant. (rC+)
                  | [demonic ancestry]
   356 | D:1      | Reached XP level 2. HP: 5/24 MP: 4/4
   600 | D:1      | You fall through a shaft!
   905 | D:1      | Reached XP level 3. HP: 29/29 MP: 5/5
  1613 | D:2      | Found an opulent altar of Gozag.
  1855 | D:2      | Reached XP level 4. HP: 35/35 MP: 6/6
  2711 | D:3      | Noticed Grinder
  2734 | D:3      | Paralysed by Grinder for 2 turns
  2743 | D:3      | Paralysed by Grinder for 3 turns
  2744 | D:3      | Slain by Grinder

Skill      XL: |  1  2  3  4 |
---------------+-------------+-----
Dodging        | 1 2 |  2.0
Long Blades    | 2 |  2.5
Armour         | 2 |  2.6
Invocations    | 3 |  3.7
Fighting       | |  3.6

Action                   |  1- 3 |  4- 6 || total
-------------------------+-------+-------++-------
Melee: Falchion          |    72 |       ||    72
       Dagger            |    41 |    67 ||   108
Invok: Depart the Abyss  |     1 |       ||     1
  Use: Scroll            |     8 |     3 ||    11
       Potion            |     1 |     4 ||     5
 Stab: Sleeping          |     1 |       ||     1
  Eat: Chunk             |     1 |     1 ||     2
       Ration            |     1 |       ||     1
Armor: Leather armour    |    33 |     3 ||    36
       Scale mail        |       |    19 ||    19
Dodge: Dodged            |    67 |    26 ||    93
       Rpst.: Falchion   |    22 |       ||    22
